Unix NetHack Version 5.0.0-0 post-release - last build May 31 2026 23:59:36 (970b52f25bf058293b47ddfd14a1e40e571c508c,branch:main).

Game began 2026-06-08 15:16:11, ended 2026-06-08 19:40:34.

Drastanta, neutral male human Barbarian

 ------                            -----
 |....|                            |...|                     ---------
 |....|                         ###....|         0##)####[###........|
 |.<..|                            |..%-##                   |.......|
 |..`.|                            |...|#                    |.......|
 --|---                           #....|#           #########-.......|
   #                              #-----#       #####        |.......|
   #  #                      #######   ##  ######           #....+...|
   #####                          #     # ##            #####---------
      ##                          ###   #ef#----------- #
      ##                            ##    @#|.........| #
    ####                ###          # ##a#[-..%......| #
    #  #               ###           ###    |..........##
    #-----.----------### ##----------#      |.........|
    #...............|###  #|........|#      |.........|
     |..............| #   #|.........#      -----------
     |..............-##   #.).......|
     ----------------      ----------

Drastanta the Bandit       St:18 Dx:17 Co:18 In:7 Wi:8 Ch:7  Neutral
Dlvl:4  $:364 HP:0(99) Pw:22(22) AC:-11 Xp:9 T:6088  Burdened

Latest messages:
 The jaguar bites!
 The jaguar hits!
 The jaguar hits again!
 The jaguar bites!
 The giant ant misses!
 The giant ant misses!
 The jaguar misses!
 The jaguar misses!
 The jaguar misses!
 The giant ant misses!
 The giant ant misses!
 The jaguar hits!
 The jaguar hits again!
 The jaguar misses!
 The giant ant misses!
 The giant ant bites!
 The jaguar misses!
 The jaguar just misses!
 The jaguar bites!
 The giant ant misses!
 The giant ant misses!
 The jaguar hits!
 The jaguar hits again!
 The jaguar bites!
 The giant ant bites!
 The jaguar misses!
 The jaguar misses!
 The jaguar bites!
 The giant ant misses!
 The jaguar hits!
 The jaguar misses!
 The jaguar bites!
 The giant ant bites!
 The jaguar misses!
 The jaguar just misses!
 The jaguar bites!
 The giant ant misses!
 The jaguar hits!
 The jaguar hits again!
 The jaguar bites!
 The giant ant bites!
 The jaguar hits!
 The jaguar hits again!
 The jaguar bites!
 You die...
 Do you want your possessions identified? [ynq] (y) y
 Do you want to see your attributes? [ynq] (y) y
 Do you want an account of creatures vanquished? [ynaq] (y) y
 Do you want to see your conduct and achievements? [ynq] (y) y
 Do you want to see the dungeon overview? [ynq] (y) y

Inventory:
 Coins    ('$')
  $ - 364 gold pieces
 Amulets  ('"')
  t - an uncursed amulet of ESP (being worn)
 Weapons  (')')
  b - a +0 axe (alternate weapon; not wielded)
  a - the blessed +1 Mjollnir (weapon in right hand)
 Armor    ('[')
  I - an uncursed very rusty +3 dwarvish iron helm (being worn)
  w - a blessed +4 pair of jumping boots (being worn)
  U - a blessed +4 elven cloak (being worn)
  E - a blessed +2 dwarvish mithril-coat (being worn)
 Comestibles  ('%')
  d - 3 uncursed food rations
  p - 2 cursed food rations
 Scrolls  ('?')
  T - 2 blessed scrolls of blank paper
  S - 3 uncursed scrolls of blank paper
  l - 2 cursed scrolls of blank paper
  N - an uncursed scroll of create monster
  H - an uncursed scroll of earth
  o - an uncursed scroll of gold detection
  r - a cursed scroll of gold detection
  Y - an uncursed scroll of light
  Q - a cursed scroll of light
  W - an uncursed scroll of remove curse
  P - an uncursed scroll of scare monster
  V - an uncursed scroll of teleportation
 Potions  ('!')
  q - an uncursed potion of booze
  O - an uncursed potion of fruit juice
  s - an uncursed potion of hallucination
  g - a blessed potion of healing
  f - 2 uncursed potions of healing
  u - an uncursed potion of sleeping
  h - 4 potions of holy water
  v - 4 potions of unholy water
 Rings    ('=')
  e - an uncursed +2 ring of increase accuracy
  D - an uncursed ring of teleport control
  m - an uncursed ring of teleportation
  Z - a cursed ring of teleportation
 Wands    ('/')
  y - a wand of create monster (0:12)
  C - a cursed wand of digging (0:8)
  J - a cursed wand of digging (0:4)
  z - a cursed wand of light (0:15)
  n - a wand of magic missile (0:5)
  B - a cursed wand of make invisible (0:6)
  X - a wand of slow monster (0:8)
  K - a cursed wand of stasis (0:4)
  F - a wand of striking (0:2)
 Tools    ('(')
  j - a cursed sack containing 2 items
  M - a cursed bag of tricks (0:14)
  k - an uncursed blindfold
  G - a magic marker (0:80)
  A - an uncursed skeleton key
  c - a blessed tallow candle
  R - an uncursed towel
  i - a +0 unicorn horn
 Gems/Stones  ('*')
  L - a blessed luckstone

Contents of the sack:
  2 uncursed cloves of garlic
  a cursed sprig of wolfsbane

Drastanta the Barbarian's attributes:

Background:
 You were a Bandit, a level 9 male human Barbarian.
 You were neutral, on a mission for Crom
 who was opposed by Mitra (lawful) and Set (chaotic).
 You were right-handed.
 You were in the Dungeons of Doom, on level 4.
 You entered the dungeon 6088 turns ago.
 You had 2828 experience points, 2292 more were needed to attain level 10.

Basics:
 You had 0 out of 99 hit points.
 You had all 22 energy points (spell power).
 Your armor class was -11.
 Your wallet contained 364 zorkmids.
 Autopickup was on for '$' plus thrown.

Final Characteristics:
 Your strength was 18 (peak:18/01, limit:18/100).
 Your dexterity was 17 (limit:18).
 Your constitution was 18 (limit:18).
 Your intelligence was 7 (limit:18).
 Your wisdom was 8 (limit:18).
 Your charisma was 7 (limit:18).

Final Status:
 You weren't hungry.
 You were burdened; movement was slightly slowed.
 You were wielding a hammer.
 You were unskilled in hammer and could have enhanced that.

Final Attributes:
 You were piously aligned.
 You were sleep resistant.
 You were poison resistant.
 You were telepathic.
 You were stealthy.
 You could jump.
 You were guarded.
 You were fast.
 You were lucky.
 You had extra luck.
 Good luck did not time out for you.
 You are dead.

Miscellaneous:
 You encountered 1 bones level.
 Total elapsed playing time was 3 hours, 20 minutes and 39 seconds.

Major events:
 Turn
    1: Drastanta the neutral male human Barbarian entered the dungeon
  935: attained the rank of Pillager (level 3)
 1222: entered the Gnomish Mines
 1797: attained the rank of Bandit (level 6)
 1823: reached Mine Town
 4408: acquired the Mines' End luckstone
 4418: found Mjollnir on the floor
 6088: killed by a jaguar, while frozen by a floating eye's gaze

You didn't know any spells.

Skills:
 Fighting Skills
   bare handed combat [Basic]
   two weapon combat  [Unskilled]
   riding             [Unskilled]
 Weapon Skills
   dagger             [Unskilled]
   axe                [Basic]
   pick-axe           [Unskilled]
   short sword        [Unskilled]
   broadsword         [Unskilled]
   long sword         [Unskilled]
   two-handed sword   [Expert]
   saber              [Unskilled]
   club               [Unskilled]
   mace               [Unskilled]
   morning star       [Unskilled]
   flail              [Unskilled]
   hammer             [Unskilled]
   quarterstaff       [Unskilled]
   spear              [Unskilled]
   trident            [Unskilled]
   bow                [Unskilled]
 Spellcasting Skills
   attack spells      [Unskilled]
   escape spells      [Unskilled]

Voluntary challenges:
 Character rerolling was not enabled.
 You never genocided any monsters.
 You never polymorphed an object.
 You never changed form.
 You used no wishes.
Achievements:
 You entered a shop.
 You attained the rank of Pillager.
 You entered the Gnomish Mines.
 You attained the rank of Bandit.
 You entered Minetown.
 You entered a temple.
 You completed the Gnomish Mines.

 The Dungeons of Doom: levels 1 to 4
    Level 1:
       Some fountains, a sink.
    Level 2:
       A general store, a sink.
       Stairs down to The Gnomish Mines.
    Level 3:
       A fountain, a sink.
    Level 4: <- You were here.
       Final resting place for
          you, killed by a jaguar, while frozen by a floating eye's gaze.
 The Gnomish Mines: levels 3 to 10
    Level 3:
    Level 4:
       A grave.
       Final resting place for
          ubiquity-Pri-Elf-Mal-Cha, killed by a gnome king.
    Level 5:
    Level 6:
       Many shops, a temple and an altar, some fountains.
    Level 7:
    Level 8:
    Level 9:
    Level 10:


Vanquished creatures:
  a ghost
  a giant mimic
  a giant zombie
  2 small mimics
  a gargoyle
  2 human mummies
  a python
  a crocodile
  a giant beetle
  a leprechaun
  2 gnome rulers
  2 lizards
  2 jaguars
  3 dwarf leaders
  a blue jelly
  a white unicorn
  a snake
  3 Woodland-elves
  2 imps
  a rock mole
  a yellow light
 13 gnome leaders
  4 gnomish wizards
  3 elf zombies
  3 paper golems
  7 giant ants
  a little dog
  a floating eye
 17 dwarves
  a homunculus
  2 kobold leaders
 19 hill orcs
  a rothe
  a giant bat
  4 monkeys
  4 dwarf zombies
  a wererat
  3 hobbits
  4 manes
  4 giant rats
  2 brown molds
 59 gnomes
  a gnome zombie
  4 geckos
  7 jackals
  2 foxes
  3 kobolds
  3 goblins
  a sewer rat
  a grid bug
  6 lichens
  a kobold zombie
  5 newts
219 creatures vanquished.

No species were genocided or became extinct.

Game over:
                       ----------
                      /          \
                     /    REST    \
                    /      IN      \
                   /     PEACE      \
                  /                  \
                  |    Drastanta     |
                  |      364 Au      |
                  |   killed by a    |
                  |      jaguar      |
                  |                  |
                  |                  |
                  |       2026       |
                 *|     *  *  *      | *
        _________)/\\_//(\/(/\)/\//\/|_)_______

Goodbye Drastanta the Barbarian...

You died in The Dungeons of Doom on dungeon level 4 with 12120 points,
and 364 pieces of gold, after 6088 moves.
You were level 9 with a maximum of 99 hit points when you died.

